Map: King's Cove LE

Players

tucker

  • Race: Terran Terran
  • League: Diamond
  • Spawn Location: 5:00

meams - Winner!

  • Race: Protoss Protoss
  • League: Diamond
  • Spawn Location: 11:00

VOD

Have the link to the VOD?

Description

Time

  • Played on: Aug. 10, 2019, 9:59 a.m.
  • Length: 24:59
Show
View Real Time Build Order
Export as new Build Order

tucker Terran 

Build Orders: Reaper Expand 

Get SALT Encoding   

  12  0:00  SCV  
  13  0:13  SCV  
  14  0:18  Supply Depot  
  14  0:25  SCV  
  15  0:39  SCV  
  15  0:42  Barracks  
  16  0:45  Refinery  
  16  0:52  SCV  
  17  1:04  SCV  
  18  1:16  SCV  
  19  1:28  Orbital Command  
  19  1:29  Reaper  
  20  1:48  Command Center  
  19  1:55  SCV  
  20  2:01  Barracks Tech Lab  
  20  2:08  SCV  
  21  2:14  Supply Depot  
  21  2:20  Concussive Shells, SCV  
  22  2:28  Barracks  
  22  2:32  SCV  
  22  2:35  Marauder  
  25  2:43  Bunker  
  25  2:45  SCV  
  25  2:51  Factory  
  26  2:57  SCV, Marauder  
  29  3:09  SCV  
  29  3:10  Refinery  
  30  3:18  Orbital Command  
  30  3:24  SCV  
  30  3:30  Stimpack  
  30  3:32  Marine  
  31  3:36  SCV  
  31  3:41  Widow Mine  
  34  3:46  SCV  
  35  3:48  SCV  
  35  3:52  Barracks Reactor, Marine  
  37  3:58  SCV  
  37  3:59  Supply Depot  
  37  4:01  SCV  
  39  4:10  Marine  
  39  4:12  SCV  
  39  4:15  Factory Tech Lab  
  41  4:22  SCV, Barracks  
  41  4:24  SCV  
  43  4:28  Marine  
  44  4:34  SCV  
  44  4:36  SCV, Engineering Bay  
  44  4:38  Marine x2  
  48  4:47  SCV, Starport  
  48  4:48  Refinery, SCV  
  51  4:52  Engineering Bay  
  51  4:54  Factory Reactor  
  51  4:57  Marine x2  
  51  4:59  Marine, SCV  
  54  5:05  Supply Depot  
  54  5:06  Supply Depot  
  54  5:08  Terran Infantry Weapons Level 1  
  54  5:14  Missile Turret  
  54  5:15  Missile Turret  
  54  5:18  Terran Infantry Armor Level 1  
  54  5:26  SCV x2  
  56  5:29  Marine x2, Marauder x2  
  62  5:36  Supply Depot  
  62  5:42  Medivac x2  
  66  5:44  SCV  
  66  5:45  SCV  
  66  5:49  Marine x2  
  70  5:50  Refinery  
  70  5:56  Supply Depot  
  70  5:57  Supply Depot  
  70  6:03  Widow Mine  
  72  6:08  Marauder, Supply Depot  
  74  6:30  Marine x2, Marauder x2  
  80  6:43  Medivac x2  
  84  6:48  Marine x2  
  84  6:49  Combat Shield  
  84  6:51  Marine x2  
  87  6:54  Armory  
  82  7:07  Barracks  
  82  7:08  Marine x2, Barracks  
  83  7:10  Marauder x2  
  88  7:21  SCV x2  
  88  7:22  Command Center  
  90  7:24  Viking x2  
  90  7:27  Supply Depot  
  94  7:32  Supply Depot  
  94  7:38  Marine x2, Marauder  
  98  7:44  Liberator  
  98  8:00  Marine x2, Marauder x2  
  98  8:02  SCV x2  
  78  8:24  Viking  
  74  8:27  Marine x2, Marauder x2  
  72  8:44  Viking  
  72  8:45  Marine x2  
  69  8:49  Marauder x2  
  72  8:57  Orbital Command  
  72  8:59  SCV x2  
  72  9:00  Barracks Tech Lab  
  72  9:01  Barracks Tech Lab  
  74  9:06  Barracks  
  74  9:11  SCV x2  
  76  9:21  Marauder  
  76  9:22  Marine x2, Marauder  
  84  9:24  Marauder  
  84  9:25  SCV x2  
  86  9:35  SCV  
  86  9:38  Terran Infantry Weapons Level 2  
  87  9:40  Terran Infantry Armor Level 2  
  87  9:42  SCV  
  87  9:43  SCV  
  89  9:47  SCV  
  90  9:59  Marine x2  
  92  10:00  Marine  
  92  10:04  Viking x2  
  92  10:06  Barracks Reactor  
  97  10:10  Refinery  
  97  10:11  Refinery  
  97  10:12  Marauder, Supply Depot  
  97  10:13  Marauder x2  
  103  10:21  Terran Ship Weapons Level 1  
  103  10:25  SCV, Starport  
  103  10:26  SCV x2, Fusion Core  
  106  10:39  Marauder x2  
  106  10:40  Marine x2, Marauder x2  
  106  10:41  Widow Mine  
  106  10:42  SCV x3  
  121  10:49  Viking x2  
  125  10:54  SCV x3  
  128  11:04  Starport Tech Lab  
  128  11:07  SCV x3  
  128  11:11  Supply Depot  
  131  11:12  Supply Depot  
  131  11:13  Supply Depot  
  131  11:15  Liberator x2  
  131  11:16  Liberator  
  131  11:17  Supply Depot x2  
  131  11:18  Marauder x4  
  139  11:19  SCV x2  
  139  11:22  Advanced Ballistics  
  141  11:25  Supply Depot  
  148  11:32  SCV  
  151  11:49  Marine, Marauder x3  
  151  11:50  Marine x3, Marauder  
  151  11:51  Widow Mine  
  165  11:55  Terran Infantry Weapons Level 3  
  165  11:57  Terran Infantry Armor Level 3  
  165  12:03  Barracks  
  165  12:04  Barracks  
  165  12:05  Liberator x3  
  163  12:14  SCV x3  
  169  12:24  Marine, Marauder x2  
  169  12:25  Marine x3, Marauder x2  
  169  12:27  Command Center  
  169  12:28  Supply Depot  
  187  12:30  Supply Depot  
  187  12:57  Terran Ship Weapons Level 2  
  187  13:06  Refinery, Sensor Tower  
  187  13:07  Missile Turret  
  187  13:09  Missile Turret x2, Liberator x3  
  187  13:12  Refinery  
  195  13:38  Planetary Fortress  
  195  13:40  Barracks Reactor, Barracks Tech Lab  
  195  13:50  SCV x3  
  198  14:09  Sensor Tower  
  198  14:20  Medivac  
  198  14:22  Command Center  
  169  14:52  Marauder x4  
  153  14:58  Viking x2  
  153  14:59  Viking  
  133  15:10  Marine  
  133  15:11  Marine x5, Marauder  
  133  15:13  Marine x4  
  142  15:18  Widow Mine  
  144  15:27  Liberator x2, Starport  
  144  15:28  Viking  
  144  15:30  Command Center  
  146  15:40  Marauder x3  
  146  15:41  Marine x6, Marauder x2  
  162  15:43  Widow Mine  
  170  15:50  Planetary Fortress  
  170  15:52  Missile Turret  
  170  15:58  Liberator  
  170  16:00  Marine x6  
  170  16:01  Marine x2  
  170  16:03  Refinery  
  178  16:04  Widow Mine  
  178  16:05  Starport Reactor  
  178  16:08  Refinery  
  180  16:14  Marauder x3  
  180  16:16  Refinery  
  189  16:19  Marauder x2, Hi-Sec Auto Tracking  
  189  16:20  Neosteel Armor  
  189  16:23  Refinery, Marine x4  
  189  16:24  Marine x2  
  199  16:40  Missile Turret  
  195  17:00  Viking x4  
  169  17:17  Liberator  
  169  17:18  Marauder x2  
  169  17:19  Viking, Marauder x3  
  169  17:21  Marine x4  
  169  17:22  Marine x2  
  184  17:30  Viking x3  
  184  17:33  Command Center  
  193  17:40  Marauder  
  199  17:44  Marauder x2  
  151  18:08  Viking x4  
  145  18:17  Viking  
  145  18:20  Marauder x4  
  145  18:21  Marine x5, Marauder  
  145  18:22  Marine  
  160  18:37  Viking  
  160  18:38  Viking x3  
  160  18:39  Marine  
  160  18:40  Starport  
  169  18:41  Marauder  
  169  18:47  Viking  
  173  18:49  Marauder x4  
  173  18:50  Liberator x2  
  173  18:51  Liberator  
  181  18:57  Command Center  
  181  19:00  Missile Turret  
  181  19:03  Marine x2, Marauder  
  181  19:04  Marine x4  
  181  19:05  Refinery  
  181  19:06  Missile Turret  
  198  19:10  Refinery  
  198  19:13  Planetary Fortress  
  169  19:43  Marine x8  
  169  19:44  Marine x3  
  169  19:45  Viking x2  
  171  19:50  Viking x2  
  171  19:51  Viking  
  163  19:58  Missile Turret  
  163  19:59  Missile Turret x2  
  155  20:00  Marine  
  155  20:01  Marine x7  
  155  20:02  Marine x3  
  157  20:15  Viking x2  
  157  20:18  Marine x2  
  157  20:19  Marine x4  
  157  20:20  Viking x2  
  157  20:21  Viking  
  140  20:41  Marine  
  140  20:42  Marine x8  
  138  20:43  Marine x2  
  138  20:45  Viking x2  
  142  20:50  Viking x2  
  146  20:58  Viking  
  145  21:05  Missile Turret x2  
  145  21:08  Missile Turret  
  135  21:15  Viking x2  
  135  21:20  Viking  
  135  21:22  Viking  
  139  21:32  Viking  
  141  21:34  Terran Ship Weapons Level 3  
  138  21:50  Medivac x3  
  143  21:58  Viking  
  145  22:02  Viking  
  147  22:12  Command Center  
  147  22:20  Medivac, Viking x2  
  133  22:30  Marauder x2  
  133  22:31  Marauder x3  
  128  22:52  Marauder x3, Liberator x2  
  134  22:59  Marauder x2  
  144  23:13  Marauder x2  
  146  23:31  Marauder  
  146  23:32  Marine, Marauder x2  
  146  23:35  Marauder x2  
  146  23:39  Liberator x4  
  146  23:40  Liberator  
Show
View Real Time Build Order
Export as new Build Order

meams Protoss - Winner!

Build Orders: 1 Gate Expand, Carriers, Colossus Rush 

Get SALT Encoding   

  12  0:00  Probe  
  13  0:12  Probe  
  14  0:18  Pylon  
  14  0:24  Probe  
  15  0:36  Gateway  
  15  0:40  Probe  
  16  0:47  Assimilator  
  16  0:48  Probe  
  16  0:56  Probe  
  18  1:07  Probe  
  19  1:25  Nexus  
  19  1:29  Probe  
  20  1:40  Cybernetics Core  
  20  1:51  Gateway  
  20  1:53  Probe  
  20  2:03  Pylon  
  20  2:06  Assimilator  
  20  2:07  Stalker  
  20  2:08  Probe  
  20  2:10  Warp Gate  
  23  2:23  Probe  
  24  2:34  Probe  
  25  2:40  Stalker  
  25  2:43  Probe  
  28  2:47  Probe  
  28  2:55  Pylon  
  28  2:56  Probe  
  30  3:06  Robotics Facility  
  30  3:20  Probe  
  30  3:23  Probe  
  32  3:28  Probe  
  32  3:30  Forge  
  33  3:35  Probe  
  33  3:36  Gateway  
  33  3:38  Probe  
  35  3:47  Probe  
  36  3:53  Robotics Bay  
  36  3:57  Probe  
  36  3:59  Pylon, Sentry  
  36  4:01  Zealot  
  41  4:03  Observer  
  41  4:04  Assimilator  
  41  4:07  Probe  
  41  4:08  Protoss Ground Weapons Level 1  
  42  4:12  Probe  
  42  4:16  Photon Cannon  
  44  4:21  Probe  
  45  4:24  Probe  
  45  4:27  Assimilator  
  46  4:31  Observer  
  46  4:33  Probe  
  46  4:36  Probe  
  46  4:37  Zealot  
  51  4:39  Zealot  
  53  4:46  Pylon  
  53  4:47  Probe  
  53  4:48  Colossus  
  60  5:01  Probe  
  60  5:02  Probe  
  62  5:20  Extended Thermal Lance  
  62  5:25  Twilight Council  
  62  5:30  Gateway  
  62  5:32  Gateway x2  
  62  5:34  Probe  
  63  5:48  Nexus  
  63  5:52  Probe, Colossus  
  63  5:53  Pylon  
  64  5:59  Observer  
  70  6:10  Pylon  
  70  6:11  Probe  
  70  6:13  Stalker  
  72  6:47  Colossus  
  72  6:53  Charge  
  78  6:55  Protoss Ground Weapons Level 2  
  72  7:01  Zealot x4  
  72  7:02  Zealot x2  
  84  7:14  Photon Cannon  
  84  7:15  Probe  
  85  7:16  Shield Battery  
  85  7:24  Photon Cannon  
  85  7:26  Photon Cannon, Zealot x4  
  85  7:27  Zealot  
  85  7:29  Probe  
  96  7:31  Probe  
  96  7:32  Probe  
  98  7:45  Stalker  
  98  7:48  Photon Cannon  
  98  7:49  Probe  
  98  7:50  Photon Cannon  
  101  7:58  Pylon  
  101  8:03  Probe  
  100  8:11  Stalker x4  
  88  8:46  Disruptor  
  82  8:49  Blink, Probe x2  
  82  8:50  Probe  
  82  8:52  Stalker x3  
  82  8:53  Stalker x3  
  82  8:55  Assimilator  
  97  8:57  Assimilator  
  97  9:01  Probe  
  97  9:02  Robotics Facility  
  101  9:05  Pylon  
  101  9:07  Nexus  
  102  9:10  Probe x2  
  102  9:14  Probe  
  104  9:25  Templar Archives  
  104  9:26  Disruptor, Pylon  
  104  9:28  Zealot  
  109  9:36  Protoss Ground Weapons Level 3  
  109  9:40  Zealot x4  
  109  9:45  Pylon  
  117  9:49  Gateway  
  117  9:50  Gateway  
  117  9:54  Probe  
  117  9:58  Pylon  
  117  9:59  Pylon  
  118  10:04  High Templar x3  
  118  10:05  High Templar x2  
  118  10:07  High Templar  
  130  10:08  Archon  
  130  10:09  Archon  
  130  10:10  Archon  
  130  10:17  Probe  
  130  10:18  Probe x2  
  133  10:21  Pylon  
  133  10:23  Probe  
  133  10:24  Pylon  
  133  10:26  Assimilator  
  134  10:30  Probe x3  
  134  10:32  Assimilator  
  137  10:38  Observer  
  136  10:53  Stalker  
  136  10:54  Stalker x5  
  136  10:55  Stalker  
  150  10:58  Probe x3  
  150  10:59  Probe  
  150  11:00  Colossus  
  160  11:08  Colossus  
  160  11:10  Probe x2  
  168  11:11  Psionic Storm  
  168  11:24  High Templar  
  170  11:25  Observer  
  170  11:26  Probe  
  170  11:31  Photon Cannon  
  171  11:34  Photon Cannon  
  171  11:36  Photon Cannon  
  171  11:38  Shield Battery  
  171  11:47  Observer  
  171  12:15  Colossus  
  177  12:16  Protoss Shields Level 1  
  177  12:30  Pylon  
  177  12:31  Pylon  
  177  12:32  Pylon  
  177  12:38  Stargate  
  177  12:39  Pylon  
  177  12:47  Colossus  
  181  12:52  Pylon, Nexus  
  181  12:56  Pylon  
  179  12:59  Assimilator  
  179  13:03  Assimilator  
  179  13:21  Fleet Beacon  
  179  13:26  Stargate  
  179  13:30  Stargate  
  179  13:31  Stargate  
  178  13:35  Stargate  
  178  13:38  Pylon  
  178  13:41  Pylon  
  178  13:44  Resonating Glaives, Photon Cannon  
  178  13:45  Protoss Air Weapons Level 1  
  178  13:46  Observer  
  179  13:54  Tempest  
  179  14:00  Tempest  
  179  14:03  Tempest  
  179  14:05  Tempest  
  174  14:46  Stalker x7  
  174  14:47  Stalker  
  137  15:06  Tempest  
  126  15:08  Tempest x4  
  126  15:12  High Templar x4  
  126  15:13  High Templar x2  
  158  15:17  Probe x3  
  158  15:18  Probe  
  162  15:26  Zealot  
  162  15:27  Zealot  
  166  15:48  Zealot x6  
  166  15:49  Zealot x2  
  182  15:51  Tempest  
  182  15:52  Tempest x2  
  182  15:53  Protoss Shields Level 2  
  197  16:03  Dark Shrine  
  197  16:21  Nexus  
  197  16:23  Protoss Air Weapons Level 2  
  197  16:24  Pylon  
  172  17:18  Carrier  
  172  17:19  Carrier x3  
  172  17:21  Stalker x2  
  200  17:35  Gateway  
  200  17:36  Gateway  
  200  17:37  Pylon  
  200  17:38  Pylon  
  200  17:40  Pylon  
  153  18:09  Carrier  
  153  18:19  Zealot x3  
  159  18:20  Zealot x5  
  159  18:21  Colossus x2  
  159  18:23  Carrier x3  
  184  18:39  Carrier  
  190  18:46  Gateway  
  190  18:47  Gateway  
  190  18:49  Gateway  
  190  18:51  Gateway  
  190  18:54  Gateway  
  190  18:55  Photon Cannon, Zealot x3  
  192  18:56  Pylon, Zealot x2  
  200  19:09  Assimilator  
  200  19:13  Assimilator  
  161  20:05  Zealot x4  
  161  20:06  Zealot x6  
  153  20:34  Zealot x2  
  153  20:35  Zealot x4  
  165  20:42  Nexus  
  163  20:44  Photon Cannon  
  163  20:46  Photon Cannon  
  163  20:48  Photon Cannon  
  163  20:50  Stalker x2  
  163  20:51  Shield Battery, Stalker x2  
  163  20:55  Colossus x2  
  181  21:15  Zealot x2  
  181  21:16  Zealot x5  
  181  21:17  Zealot x2  
  199  21:24  Probe  
  200  21:35  Nexus  
  200  22:06  Assimilator  
  166  22:42  Zealot x2  
  166  22:43  Zealot x8  
  160  22:46  Carrier x5  
  180  23:00  Photon Cannon  
  180  23:01  Photon Cannon  
  180  23:03  Photon Cannon  
  180  23:04  Pylon, Photon Cannon  
  180  23:05  Pylon  
  180  23:07  High Templar  
  180  23:08  High Templar x6  
  180  23:10  Pylon, High Templar x3  
  180  23:12  Archon x3  
  200  23:14  Archon  
  200  23:15  Archon  
  198  23:44  Stalker  
  198  24:04  Stalker  
  200  24:26  Assimilator  
  200  24:30  Assimilator  
Tags
 
Add a new tag
Caveats
  • Supply blocks, unpowered buildings, or Contaminate may cause inaccurate times.
  • Supply counts are checked every 10 seconds.